 Dungeon Crawl Stone Soup version 0.24.1-14-gf8d2b509d9 (webtiles) character file.

Game seed: 2726482831521584370, levelgen mode: deterministic

553 shakethe the Skirmisher (level 7, -3/55 HPs)
             Began as a Demonspawn Fighter on May 23, 2020.
             Slain by a phantom (5 damage)
             ... on level 4 of the Dungeon.
             The game lasted 00:06:17 (2103 turns).

shakethe the Skirmisher (Demonspawn Fighter)        Turns: 2103, Time: 00:06:18

Health: -3/55      AC: 10    Str: 18    XL:     7   Next: 8%
Magic:  7/7        EV:  7    Int:  9    God:
Gold:   187        SH:  9    Dex: 15    Spells: 6/6 levels left

rFire    . . .     SeeInvis .   a - +0 war axe
rCold    . . .     Gourm    .   c - +0 shield
rNeg     . . .     Faith    .   b - +0 scale mail
rPois    .         Spirit   .   t - +0 helmet
rElec    .         Reflect  .   j - +0 cloak
rCorr    .         Harm     .   n - +0 pair of gloves (curse)
MR       .....                  (no boots)
Stlth    +.........             (no amulet)
HPRegen  0.18/turn              (no ring)
MPRegen  0.10/turn              (no ring)

@: no status effects
A: thin skeletal structure 1, demonic guardian 1
a: no special abilities


You were on level 4 of the Dungeon.
You were hungry.

You visited 1 branch of the dungeon, and saw 4 of its levels.
You also visited: Sewer.

You collected 187 gold pieces.

Inventory:

Hand Weapons
 a - a +0 war axe (weapon)
 k - a +0 dagger of protection
Armour
 b - a +0 scale mail (worn)
 c - a +0 shield (worn)
 i - a +0 pair of gloves
 j - a +0 cloak (worn)
 n - a cursed +0 pair of gloves (worn)
 t - a +0 helmet (worn)
Jewellery
 y - a +2 ring of evasion {unknown}
Wands
 u - a wand of digging (5)
 x - a wand of disintegration (20)
Scrolls
 e - 2 scrolls of fog {unknown}
 h - 4 scrolls of magic mapping {unknown}
 m - a scroll of fear {unknown}
 s - 2 scrolls of identify {unknown}
 w - a scroll of remove curse {unknown}
Potions
 d - a potion of might
 g - a potion of ambrosia {unknown}
 l - a potion of agility {unknown}
 o - a potion of heal wounds {unknown}
 p - 2 potions of berserk rage {unknown}
 r - 3 potions of haste {unknown}
 v - a potion of lignification {unknown}
Comestibles
 f - 10 rations


   Skills:
 + Level 4.7 Fighting
 + Level 3.8 Axes
 + Level 4.3 Armour
 + Level 4.3 Shields


You had 6 spell levels left.
You didn't know any spells.
Your spell library was empty.

Dungeon Overview and Level Annotations

Branches:
Dungeon (4/15)              Sewer (visited)
 Temple: D:4-7

Altars:


Innate Abilities, Weirdness & Mutations

You have a somewhat thin skeletal structure. (Dex +2, Stealth)
A weak demonic guardian rushes to your aid.


Message History

The orc is severely wounded.
You hit the phantom. You block the orc's attack. The phantom hits you.
* * * LOW HITPOINT WARNING * * *
Your iron imp hits the orc!
The orc dies!
Your shield and scale mail prevent you from hitting the phantom.
The phantom is lightly damaged.
The phantom hits you but does no damage.
Your iron imp hits the phantom.
The phantom hits you but does no damage.
You closely miss the phantom.
The phantom is lightly damaged.
The phantom hits you.
* * * LOW HITPOINT WARNING * * *
Your iron imp completely misses the phantom.
Your scale mail prevents you from hitting the phantom.
The phantom is lightly damaged.
The phantom closely misses you.
Your iron imp hits the phantom.
The phantom hits you.
You die...

#.......# # # #.......
...#.##!..>...#
.......#.......#####
...#..#.#.... ..#....
.)....#..... .....
.........5)# ....
..........W@## ..#
##.............##.##..###
.#.............§........#
.............†..#..........
...............####...#.###
......................# #
##.............###.#...#
...............# #. #....
...............##.. .....


You could see a phantom and a friendly iron imp.

Vanquished Creatures
  A crimson imp (D:2)
  2 orc wizards
  Ijyb (D:3)
  An iguana (D:4)
  A worker ant (D:4)
  6 adders
  An ooze (D:3)
  4 worms
  3 dart slugs
  2 leopard geckos
  7 orcs
  A ball python (D:3)
  8 giant cockroaches
  10 goblins
  8 hobgoblins
  17 bats
  3 frilled lizards
  3 kobolds
  7 rats
86 creatures vanquished.

Vanquished Creatures (collateral kills)
  Grinder (D:3)
  Purgy (Sewer)
  2 adders (D:3)
  2 orcs
  2 hobgoblins (D:3)
8 creatures vanquished.

Grand Total: 94 creatures vanquished

Notes
Turn   | Place    | Note
-------+----------+-------------------------------------------
     0 | D:1      | shakethe the Demonspawn Fighter began the quest for the
                  | Orb.
     0 | D:1      | Reached XP level 1. HP: 18/18 MP: 1/1
   233 | D:1      | Gained mutation: A weak demonic guardian rushes to your
                  | aid. [demonic ancestry]
   233 | D:1      | Reached XP level 2. HP: 24/24 MP: 2/2
   619 | D:2      | Reached XP level 3. HP: 29/29 MP: 3/3
   739 | D:2      | Gained mutation: You have a somewhat thin skeletal
                  | structure. (Dex +2, Stealth) [demonic ancestry]
   739 | D:2      | Reached XP level 4. HP: 28/35 MP: 4/4
  1254 | D:3      | Reached XP level 5. HP: 28/42 MP: 5/5
  1363 | D:3      | Noticed Ijyb
  1394 | D:3      | Killed Ijyb
  1430 | D:3      | Noticed Grinder
  1440 | D:3      | Killed Grinder
  1440 | D:3      | Reached XP level 6. HP: 30/49 MP: 6/6
  1709 | D:3      | Found a glowing drain.
  1728 | Sewer    | Entered a sewer
  1756 | Sewer    | Noticed Purgy
  1773 | Sewer    | Killed Purgy
  2090 | D:4      | Reached XP level 7. HP: 8/55 MP: 7/7
  2102 | D:4      | HP: 1/55 [phantom (6)]
  2103 | D:4      | Slain by a phantom

Levels and vault maps discovered:
D:1:      minmay_arrival_wavy_path, layout_rooms, hex_tiny
D:2:      layout_rooms, first_ration, serial_park_tiny_2
D:3:      corexii_shack_village, layout_basic, portal_sewer_entry_a, uniq_ijyb,
          uniq_grinder
D:4:      layout_cave_pools, uniq_eustachio

Skill      XL: |  1  2  3  4  5 |
---------------+----------------+-----
Axes           | 2 3 |  3.8
Shields        | 3 4 |  4.3
Armour         | 3 4 |  4.3
Fighting       | 4 |  4.7

Action                   |  1- 3 |  4- 6 |  7- 9 || total
-------------------------+-------+-------+-------++-------
Melee: War axe           |    81 |   242 |    11 ||   334
  Use: Potion            |       |       |     1 ||     1
  Eat: Chunk             |       |     4 |       ||     4
Armor: Scale mail        |    56 |   167 |     6 ||   229
Dodge: Dodged            |    34 |    88 |     1 ||   123
Block: Shield            |    58 |   142 |     5 ||   205
